 Dungeon Crawl Stone Soup version 0.19-a0-45-g2c295ea (webtiles) character file.

28 M4edhros the Sneak (level 3, -1/23 HPs)
             Began as an Octopode Artificer on May 5, 2016.
             Hit by a stone thrown by a kobold (2 damage)
             ... on level 2 of the Dungeon.
             The game lasted 00:01:01 (1082 turns).

M4edhros the Sneak (Octopode Artificer)             Turns: 1082, Time: 00:01:02

Health: -1/23      AC:  1    Str: 10    XL:     3   Next: 12%
Magic:  5/5        EV: 12    Int: 14    God:
Gold:   42         SH:  0    Dex: 15    Spells: 0 memorised, 2 levels left

rFire  . . .     SeeInvis .     a - +0 short sword
rCold  . . .     Gourm    .     (no shield)
rNeg   . . .     Faith    .     (helmet restricted)
rPois  .         Spirit   .     (no amulet)
rElec  .         Dismiss  .     (no ring)
rCorr  .         Reflect  .     (no ring)
SustAt .         Harm     .     (no ring)
MR     .....                    (no ring)
Stlth  ++++......               (no ring)
                                (no ring)
                                (no ring)
                                (no ring)

@: not resistant to hostile enchantments, stealthy
A: almost no armour, amphibious, 8 rings, constrict 8, camouflage 1, agile 1,
gelatinous body 1
a: no special abilities


You were on level 2 of the Dungeon.
You were hungry.

You visited 1 branch of the dungeon, and saw 2 of its levels.

You collected 42 gold pieces.

Inventory:

Hand Weapons
 a - a +0 short sword (weapon)
Wands
 b - a wand of flame (15/48)
 c - a wand of enslavement (14/24)
 d - a wand of random effects (15/48)
Scrolls
 e - 2 scrolls of immolation {unknown}
 j - a scroll of blinking {unknown}
 k - a scroll of enchant armour {unknown}
 l - a scroll of amnesia {unknown}
Comestibles
 f - 2 bread rations
 i - a beef jerky


   Skills:
 - Level 1.0 Fighting
 - Level 1.0 Short Blades
 - Level 2.0 Dodging
 + Level 4.3 Stealth
 - Level 3.2 Evocations


You had 2 spell levels left.
You didn't know any spells.

Dungeon Overview and Level Annotations

Branches:
Dungeon (2/15)

Altars:

Annotations:
D:2 Sigmund


Innate Abilities, Weirdness & Mutations

You cannot wear most types of armour.
You are amphibious.
You can wear up to eight rings at the same time.
You can use your tentacles to constrict eight enemies at once.
Your skin changes colour to match your surroundings (Stealth).
Your rubbery body absorbs attacks (AC +1).
You are agile. (Dex +2)


Message History

You hear a shout! x2
A bat comes into view.
Sigmund hits the bat from afar with a scythe!
The bat dies!
You are feeling hungry.
A kobold comes into view. It is wielding a club.
You see here 17 gold pieces.
You now have 42 gold pieces (gained 17).
The kobold throws a stone.
The stone barely misses you.
You see here a stone.
Sigmund misses the kobold.
The kobold throws a stone.
The stone closely misses you.
You see here a stone.
The kobold throws a stone.
The stone hits you.
* * * LOW HITPOINT WARNING * * *
You see here a stone.
A kobold comes into view. It is wielding a short sword.
Sigmund closely misses the kobold.
The kobold throws a stone.
The stone hits you.
You die...

##.###.## ##.#
##.###.## ###.#.##
##....##
##########.<...##
#....((.#.......#
#...(...#..>....#
#.......#.....>.#
#.@†....##.....##
#.............##
......@#K#.#.#.#
.................#
...........#.#.#.#.#
.......#K..........#
#......#...#.#.#.#.#
##...#.#.#..........#
#...#.#.#.#..#


You could see 2 kobolds and the friendly Sigmund (invisible).

Vanquished Creatures
  A worm (D:2)
  A dart slug (D:1)
  3 giant geckos (D:1)
  A ball python (D:1)
  4 bats (D:1)
  A giant cockroach (D:1)
  2 hobgoblins (D:1)
  A jackal (D:1)
  A giant newt (D:1)
  2 kobolds (D:1)
  2 rats (D:1)
19 creatures vanquished.

Vanquished Creatures (collateral kills)
  A bat (D:2)
1 creature vanquished.

Vanquished Creatures (others)
  A hobgoblin (D:1)
1 creature vanquished.

Grand Total: 21 creatures vanquished

Notes
Turn   | Place    | Note
--------------------------------------------------------------
     0 | D:1      | M4edhros the Octopode Artificer began the quest for the Orb.
     0 | D:1      | Reached XP level 1. HP: 13/13 MP: 3/3
   183 | D:1      | Reached skill level 2 in Stealth
   292 | D:1      | Reached XP level 2. HP: 7/18 MP: 4/4
   375 | D:1      | Reached skill level 3 in Stealth
   887 | D:1      | Reached skill level 4 in Stealth
   899 | D:1      | Reached XP level 3. HP: 14/23 MP: 5/5
  1055 | D:2      | Noticed Sigmund
  1061 | D:2      | Gained mutation: You are agile. (Dex +2) [potion of beneficial mutation]
  1067 | D:2      | HP: 1/23 [something/magic dart (8)]
  1080 | D:2      | HP: 1/23 [kobold/stone (1)]
  1082 | D:2      | Hit by a stone thrown by a kobold

Vault maps used:
D:1:      saegor_arrival_simple_d, minmay_crystal_room, monster_avoids_cloud
D:2:      glass_columns_c, minmay_misc_feat_alley, uniq_terence, uniq_sigmund

Skill      XL: |  1  2 |
---------------+-------+-----
Stealth        | 2 4 |  4.3
Fighting       | |  1.0
Short Blades   | |  1.0
Dodging        | |  2.0
Evocations     | |  3.2

Action                   || total
-------------------------++-------
Melee: Short sword       ||    55
       Constrict         ||    16
       Tentacles         ||    11
Evoke: Wand              ||     1
  Use: Potion            ||     2
 Stab: Sleeping          ||     3
Armor: Skin              ||     4
Dodge: Dodged            ||    36
